 Dungeon Crawl Stone Soup version 0.31-a0-705-ga145531891 (webtiles) character file.

Game seed: 15781215667132259315

123 avis the Changeling (level 4, -7/19 HPs)
             Began as a Felid Shapeshifter on Sept 9, 2023.
             Mangled by an orc
             ... wielding a +1 trident of venom
              (8 damage)
             ... on level 2 of the Dungeon.
             The game lasted 00:09:44 (1789 turns).

avis the Changeling (Felid Shapeshifter)            Turns: 1789, Time: 00:09:44

Health: -7/19      AC:  1    Str: 12    XL:     4   Next: 80%
Magic:  5/5        EV: 17    Int: 11    God:
Gold:   102        SH:  0    Dex: 15    Spells: 3/3 levels left
                                        Lives:  0   Deaths: 2

rFire   . .          .
                       - Unarmed
rCold   . . .        (shield unavailable)
rNeg    . . .        (body armour unavailable)
rPois   .            (helmet unavailable)
rElec   .            (cloak unavailable)
rCorr   .            (gloves unavailable)
SInv    +            (boots unavailable)
Will    .....        (no amulet)
Stlth   +            (no ring)
HPRegen 0.23/turn    (no ring)
MPRegen 0.09/turn

%: no passive effects
@: lethally poisoned (-7 -> -16), beast-form, quick
A: beast (slay +3), very small, claws 1, fangs 3, see invisible, speed 1, shaggy
fur 1, stealthy paws, no weapons or thrown items, no armour, multi-lived
a: Begin Untransformation


You were on level 2 of the Dungeon.
You were a hulking beast.
You visited 1 branch of the dungeon, and saw 3 of its levels.

You collected 102 gold pieces.

Inventory:

Jewellery
 g - an amulet of faith
Talismans
 b - a beast talisman (active)
 c - a flux talisman
Scrolls
 e - a scroll of revelation {unknown}
 f - 2 scrolls of identify {unknown}
 h - a scroll of noise {unknown}
 i - 2 scrolls of fog {unknown}
 k - a scroll of vulnerability {unknown}
 l - 2 scrolls of blinking {unknown}
 m - a scroll of brand weapon {unknown}
 o - 2 scrolls of amnesia {unknown}
 p - a scroll of enchant armour {unknown}
Potions
 a - 2 potions of lignification
 d - a potion of enlightenment {unknown}
 j - 2 potions of curing {unknown}
 n - a potion of berserk rage {unknown}
 q - a potion of ambrosia {unknown}


   Skills:
 * Level 2.1 Fighting
 - Level 3.0 Dodging
 - Level 3.0 Unarmed Combat
 - Level 5.3 Shapeshifting


You had 3 spell levels left.
You didn't know any spells.
Your spell library contained the following spells:

 Spells                   Type           Power      Damage    Failure   Level
 Shock                    Conj/Air       0%         1d3       34%         1
 Swiftness                Air            0%         N/A       71%         3
 Airstrike                Air            0%         2d(0-16)  98%         4


Dungeon Overview and Level Annotations

Branches:
Dungeon (3/15)

Altars:
Ru


Innate Abilities, Weirdness & Mutations

You are a hulking beast.
Your limbs bulge with bestial killing power. (Slay +3)
You have sharp claws.
You have razor-sharp teeth.
You have supernaturally acute eyesight. (SInv)
You cover ground quickly. (Speed+)
You are covered in fur. (AC +1)
Your paws help you pounce on unaware monsters.
You are incapable of wielding weapons or throwing items.
You cannot wear armour.
You gain extra lives every three experience levels.


Message History

You feel very sick.
There is a stone staircase leading down here.
* * * LOW HITPOINT WARNING * * *
You feel sick.
The orc hits you from afar with a +1 trident of venom.
* * * LOW HITPOINT WARNING * * *
You are more poisoned.
You die...
Your shape twists and changes as you die.
You feel very sick.
You rejoin the land of the living...
The orc closely misses you.
You scratch the orc.
The orc is moderately wounded.
The orc barely misses you.
You barely miss the orc.
The orc is moderately wounded.
The orc completely misses you.
You scratch the orc. Your bite misses the orc.
The orc is severely wounded.
The orc misses you.
You barely miss the orc.
The orc is severely wounded.
The orc hits you with a +1 trident of venom!
You are lethally poisoned!
You scratch the orc but do no damage.
The orc is severely wounded.
You feel very sick. The orc closely misses you.
You scratch the orc but do no damage.
The orc is severely wounded.
* * * LOW HITPOINT WARNING * * *
You feel very sick. The orc misses you.
You scratch the orc but do no damage.
The orc is severely wounded.
* * * LOW HITPOINT WARNING * * *
You feel very sick.
The orc hits you with a +1 trident of venom!
You die...

#.####...#####.# #.#...####.#
#....(...#####.# ##.##### #.#
#######........# #......# #..
#...####### #..###.# ### #...#
#..###.# #...#### ######...##.#
#...##.###.....)..##.#####
######...#...##o.###..........#
##.............#h....#..##.....#
.................†#>...........#
...<...........#..#.##..##.....#
.##.#.#...#...##..#............#
.##.#.#.[.#..###........#.######
.##.#.#...#.## ####..####.#
###.#.#...#.# #....##.# ###
###.#.......# ##.#.##.# ##.##
....###.##### #......###...#


You could see an orc.

Vanquished Creatures
  Terence (D:2)
  Jessica (D:2)
  Natasha (D:1)
  An adder (D:2)
  A dart slug (D:1)
  2 endoplasms (D:2)
  2 goblins (D:1)
  4 hobgoblins (D:1)
  6 jackals (D:2)
  A kobold (D:2)
  2 quokkas (D:1)
  8 ball pythons
  3 bats
  2 frilled lizards
35 creatures vanquished.

Notes
Turn   | Place    | Note
-------+----------+-------------------------------------------
     0 | D:1      | avis the Felid Shapeshifter began the quest for the Orb.
     0 | D:1      | Reached XP level 1. HP: 9/9 MP: 2/2
   332 | D:1      | Reached XP level 2. HP: 13/13 MP: 3/3
   763 | D:2      | Noticed Jessica
   768 | D:2      | Killed Jessica
   769 | D:2      | Reached skill level 4 in Shapeshifting
   769 | D:2      | Reached XP level 3. HP: 12/16 MP: 4/4
  1012 | D:2      | Found a sacrificial altar of Ru.
  1081 | D:2      | Noticed Terence
  1146 | D:2      | Succumbed to Terence's poison
  1185 | D:2      | Found a faded altar of an unknown god.
  1331 | D:2      | Killed Terence
  1332 | D:2      | Reached skill level 5 in Shapeshifting
  1332 | D:2      | Reached XP level 4. HP: 8/19 MP: 5/5
  1504 | D:2      | Noticed Natasha
  1515 | D:1      | Killed Natasha
  1768 | D:2      | Succumbed to an orc's poison
  1789 | D:2      | Mangled by an orc

Illustrated notes

Levels and vault maps discovered:
D:1:      dpeg_arrival_fog, layout_basic
D:2:      layout_loops_cross, basic_altar, nicolae_ecumenical_snake_handling,
          uniq_natasha, uniq_jessica, uniq_terence
D:3:      layout_loops_cross, hangedman_abyss_or_decor_stabs, hex_tiny,
          minmay_statues_item, uniq_grinder

Skill      XL: |  1  2  3 |
---------------+----------+-----
Fighting       | 2 |  2.1
Dodging        | 3 |  3.0
Shapeshifting  | 4 5 |  5.3
Unarmed Combat | |  3.0

Action                     |  1- 3 |  4- 6 || total
---------------------------+-------+-------++-------
  Melee: Unarmed           |    83 |    20 ||   103
         Bite              |     5 |       ||     5
         Punch             |     1 |       ||     1
   Stab: Sleeping          |     1 |       ||     1
 Armour: Skin              |    20 |     8 ||    28
  Dodge: Dodged            |    64 |    19 ||    83

Table legend: (Time is in decaauts)
 A = Elapsed time spent in this place.
 B = Non-inter-level travel time spent in this place.
 C = Inter-level travel time spent in this place.
 D = Time resting spent in this place.
 E = Time spent auto-exploring this place.
 F = Levels seen in this place.
 G = Mean time per level.
                   A        B        C        D        E       F      G
               +--------+--------+--------+--------+--------+-----+--------+
         Total |   1510 |   1387 |    123 |    229 |    833 |   3 |  503.3 |
       Dungeon |   1510 |   1387 |    123 |    229 |    833 |   3 |  503.3 |
               +--------+--------+--------+--------+--------+-----+--------+

Top non-repeatable levels by time:
     D:2: 756 daAuts
     D:1: 748 daAuts
     D:3: 5 daAuts
